 Dungeon Crawl Stone Soup version 0.26.1-11-gd32895ea62 (webtiles) character file.

Game seed: 4639101807691044905

4568 Tiocfaidh the Twirler (level 10, -16/73 HPs)
             Began as a Demonspawn Necromancer on June 6, 2021.
             Was a Follower of Kikubaaqudgha.
             Killed from afar by a swamp worm (23 damage)
             ... with a harpoon shot
             ... on level 9 of the Dungeon on June 9, 2021.
             The game lasted 00:50:14 (8250 turns).

Tiocfaidh the Twirler (Demonspawn Necromancer)      Turns: 8250, Time: 00:50:15

Health: -16/73     AC: 11    Str:  9    XL:     10   Next: 18%
Magic:  15/15      EV: 14    Int: 22    God:    Kikubaaqudgha [*.....]
Gold:   479        SH:  0    Dex: 13    Spells: 15/16 levels left

rFire    . . .     SeeInvis +   J - +2 halberd (venom)
rCold    . . .     Faith    .   (shield currently unavailable)
rNeg     . . .     Spirit   .   e - +2 animal skin
rPois    .         Reflect  .   m - +0 helmet
rElec    .         Harm     .   t - +0 cloak
rCorr    .         Rampage  .   (gloves unavailable)
Will     .....                  C - +0 pair of boots "Niefala" {Int+2 Slay+5} (curse)
Stlth    +++.......             Q - amulet of regeneration
HPRegen  0.62/turn              b - +4 ring of protection
MPRegen  0.14/turn              d - ring of see invisible

@: no status effects
A: claws 3, spiny 2
a: Renounce Religion, Receive Corpses


You were on level 9 of the Dungeon.
You worshipped Kikubaaqudgha.
Kikubaaqudgha was aware of your devotion.
You visited 2 branches of the dungeon, and saw 10 of its levels.

You collected 479 gold pieces.

Inventory:

Hand Weapons
 s - a +4 quarterstaff of chaos
 z - a +3 shortbow
 E - a +6 hand axe of freezing
 J - a +2 halberd of venom (weapon)
Missiles
 a - 12 boomerangs
 j - 28 poisoned darts (quivered)
 u - a javelin
 O - 3 atropa-tipped darts
Armour
 e - a +2 animal skin (worn)
 m - a +0 helmet (worn)
 t - a +0 cloak (worn)
 C - the cursed +0 pair of boots "Niefala" (worn) {Int+2 Slay+5}
   (You found it on level 4 of the Dungeon)

   It affects your intelligence (+2).
   It affects your accuracy and damage with ranged weapons and melee attacks
   (+5).
   It has a curse placed upon it.
Magical Staves
 H - an uncursed staff of poison {unknown}
Jewellery
 b - a +4 ring of protection (left claw)
 d - a ring of see invisible (right claw)
 l - an uncursed ring of ice
 I - an uncursed ring of magical power
 N - an uncursed ring of protection from fire
 Q - an amulet of regeneration (around neck)
Wands
 A - a wand of flame (35)
 K - a wand of disintegration (20)
 R - a wand of acid (10)
Scrolls
 f - 3 scrolls of magic mapping
 h - 4 scrolls of teleportation
 p - 5 scrolls of remove curse {unknown}
 x - 6 scrolls of identify {unknown}
 y - 2 scrolls of random uselessness {unknown}
 D - a scroll of noise {unknown}
 L - a scroll of amnesia {unknown}
 M - a scroll of holy word {unknown}
 P - 3 scrolls of fear {unknown}
 S - a scroll of immolation {unknown}
 T - a scroll of enchant weapon {unknown}
Potions
 c - 9 potions of curing {unknown}
 g - 2 potions of mutation {unknown}
 i - 4 potions of haste {unknown}
 k - 2 potions of lignification {unknown}
 n - 2 potions of flight {unknown}
 o - a potion of brilliance {unknown}
 q - 2 potions of heal wounds
 r - 3 potions of invisibility {unknown}
 v - 2 potions of degeneration {unknown}
 w - 2 potions of cancellation {unknown}
 B - a potion of berserk rage {unknown}
 F - 2 potions of attraction {unknown}
 G - a potion of ambrosia {unknown}


   Skills:
 + Level 4.3 Fighting
 + Level 4.0(4.3) Axes
 + Level 2.1(5.9) Polearms
 + Level 7.5(7.6) Staves
 + Level 4.4 Throwing
 + Level 4.7 Dodging
 + Level 5.9 Stealth
 + Level 3.5 Spellcasting
 + Level 5.5 Necromancy
 + Level 0.2 Evocations


You had 15 spell levels left.
You knew the following spells:

 Your Spells              Type           Power        Failure   Level
a - Pain                  Necr           100%         1%          1

Your spell library contained the following spells:

 Spells                   Type           Power        Failure   Level
 Animate Skeleton         Necr           56%          1%          1
 Sublimation of Blood     Necr           14%          1%          2
 Vampiric Draining        Necr           14%          3%          3
 Corpse Rot               Necr/Air       N/A          5%          2
 Animate Dead             Necr           14%          12%         4
 Agony                    Necr           28%          32%         5
 Confusing Touch          Hex            3%           34%         3
 Gell's Gravitas          Tloc           1%           34%         3
 Petrify                  Tmut/Erth      3%           75%         4
 Metabolic Englaciation   Hex/Ice        1%           97%         5
 Yara's Violent Unravell  Hex/Tmut       1%           97%         5


Dungeon Overview and Level Annotations

Branches:
Dungeon (9/15)             Temple (1/1) D:7
   Lair: D:8-11         Orc: D:9-12

Altars:
Ashenzari
Cheibriados
Dithmenos
Elyvilon
Fedhas
Gozag
Hepliaklqana
Kikubaaqudgha
Makhleb
Nemelex Xobeh
Qazlal
Ru
Sif Muna
Trog
Vehumet
Wu Jian
Xom
Yredelemnul
Zin


Innate Abilities, Weirdness & Mutations

You have claws for hands.
You are mostly covered in sharp spines.


Message History

The swamp worm fires a harpoon shot at you.
The harpoon shot hits you!
You are yanked forward by the harpoon shot.
Splash!
The swamp worm bites the plant!!
The plant begins to die.
You hear a croak.
The swamp worm is struck by your spines.
The swamp worm bites you! The swamp worm bites you!!
* * * LOW HITPOINT WARNING * * *
A bullfrog comes into view.
The swamp worm is struck by your spines.
The swamp worm misses you.
The swamp worm fires a harpoon shot at you.
The harpoon shot misses you.
The harpoon shot misses the bullfrog.
The bullfrog misses you. The bullfrog is struck by your spines.
The bullfrog barely misses you.
The swamp worm fires a harpoon shot at you.
The harpoon shot hits you!!
You die...
Kikubaaqudgha rasps: "You have failed me!
Welcome... death!"

#8##8##.##8###8#
................
#8##8##.##8###8# ###
##.#### ### #.# #8.8# # #
... ##.## ## #. #.# ##.##
#.
#..####.####.#8.8#.####.
##......@.....##.##......
....##.F......##.##......
#......w.....#8.8#...##.
#..#..w########.##.## #.
#..#≈≈≈≈≈## #'##.# #.
#..≈≈≈≈≈≈≈# #.#.# #.
#..≈≈P≈P≈≈## #...# ##.
...≈≈##≈##≈≈## ###.# #.<
.#≈≈≈#≈≈≈#≈≈≈# #.# #.#


You could see 2 swamp worms and a bullfrog.

Vanquished Creatures
  Erica (D:8)
  Pikel (D:7)
  A hornet (D:7)
  Prince Ribbit (D:6)
  Menkaure (D:4)
  3 orc warriors
  2 phantoms
  2 ogres
  2 sky beasts
  A black bear (D:6)
  3 centaurs
  2 lemures (D:6)
  Blork the orc (D:4)
  2 bullfrogs
  A scorpion (D:4)
  4 wights (D:6)
  5 howler monkeys
  2 bullfrog zombies
  A crimson imp (D:6)
  4 hounds
  Crazy Yiuf (D:2)
  3 orc priests
  An iron imp (D:6)
  2 jellies
  9 orc wizards
  A centaur skeleton (D:8)
  Jessica (D:2)
  Terence (D:2)
  6 worker ants
  A worker ant zombie (D:6)
  Robin (D:2)
  3 gnolls (D:6)
  2 howler monkey skeletons
  3 adders
  2 shadow imps
  2 white imps
  3 ufetubi
  5 oozes
  An adder skeleton (D:4)
  2 worms (D:2)
  11 dart slugs
  3 leopard geckos
  32 orcs
  7 bats
  4 giant cockroaches
  10 hobgoblins
  14 jackals
  9 kobolds
  5 quokkas
  4 ball pythons
  3 frilled lizards
  A giant cockroach zombie (D:5)
  12 goblins
  A leopard gecko skeleton (D:5)
  A leopard gecko zombie (D:8)
  3 rats (D:3)
210 creatures vanquished.

Vanquished Creatures (others)
  4 plants
  3 withered plants (D:2)
7 creatures vanquished.

Grand Total: 217 creatures vanquished

Notes
Turn   | Place    | Note
-------+----------+-------------------------------------------
     0 | D:1      | Tiocfaidh the Demonspawn Necromancer began the quest for
                  | the Orb.
     0 | D:1      | Reached XP level 1. HP: 13/13 MP: 3/3
   325 | D:1      | Gained mutation: You are partially covered in sharp spines.
                  | [demonic ancestry]
   325 | D:1      | Reached XP level 2. HP: 17/19 MP: 1/5
   732 | D:1      | Reached skill level 5 in Necromancy
   989 | D:1      | Reached XP level 3. HP: 24/24 MP: 6/6
  1258 | D:2      | Found a basalt altar of Yredelemnul.
  1294 | D:2      | Noticed Robin
  1314 | D:2      | Killed Robin
  1315 | D:2      | Reached XP level 4. HP: 8/30 MP: 8/8
  1819 | D:2      | Found an opulent altar of Gozag.
  1932 | D:2      | Noticed Terence
  1943 | D:2      | Killed Terence
  1944 | D:2      | Reached skill level 1 in Polearms
  2058 | D:2      | Noticed Jessica
  2073 | D:2      | Killed Jessica
  2074 | D:2      | Gained mutation: You have sharp fingernails. [demonic
                  | ancestry]
  2074 | D:2      | Reached XP level 5. HP: 30/36 MP: 4/9
  2307 | D:2      | Found a runed translucent door.
  2308 | D:2      | Noticed Crazy Yiuf
  2320 | D:2      | Killed Crazy Yiuf
  3247 | D:4      | Noticed an ogre
  3269 | D:4      | Killed an ogre
  3270 | D:4      | Reached skill level 1 in Fighting
  3270 | D:4      | Reached skill level 1 in Staves
  3270 | D:4      | Reached skill level 1 in Throwing
  3270 | D:4      | Gained mutation: You are mostly covered in sharp spines.
                  | [demonic ancestry]
  3270 | D:4      | Reached XP level 6. HP: 11/43 MP: 11/11
  3528 | D:4      | You fall into a shaft and drop 1 floor!
  3528 | D:5      | Entered Level 5 of the Dungeon
  3575 | D:4      | Noticed Blork the orc
  3587 | D:4      | Killed Blork the orc
  3598 | D:4      | Noticed Menkaure
  3653 | D:4      | Reached skill level 2 in Staves
  3653 | D:4      | Reached XP level 7. HP: 33/48 MP: 12/12
  3782 | D:4      | Killed Menkaure
  3809 | D:4      | Reached skill level 3 in Staves
  4198 | D:4      | Got a pair of shimmering boots
  4204 | D:4      | Identified the cursed +0 pair of boots "Niefala" {Int+2
                  | Slay+5} (You found it on level 4 of the Dungeon)
  4430 | D:5      | Reached skill level 4 in Staves
  4430 | D:5      | Reached XP level 8. HP: 56/56 MP: 13/13
  4495 | D:5      | Found a white marble altar of Elyvilon.
  4815 | D:5      | Reached skill level 1 in Axes
  5019 | D:6      | Found a snail-covered altar of Cheibriados.
  5496 | D:6      | Reached skill level 5 in Staves
  5519 | D:6      | Found a shimmering altar of Xom.
  5554 | D:6      | Found a stormy altar of Qazlal.
  5555 | D:6      | Noticed an air elemental
  5585 | D:6      | Gained mutation: You have very sharp fingernails. [demonic
                  | ancestry]
  5585 | D:6      | Reached XP level 9. HP: 56/63 MP: 14/14
  5690 | D:7      | Noticed Pikel
  5693 | D:7      | Noticed Prince Ribbit
  5734 | D:6      | Killed Prince Ribbit
  5760 | D:7      | Killed Pikel
  5761 | D:7      | Reached skill level 5 in Stealth
  5998 | D:7      | Found a staircase to the Ecumenical Temple.
  6021 | Temple   | Entered the Ecumenical Temple
  6069 | Temple   | Became a worshipper of Kikubaaqudgha
  6120 | D:7      | Reached skill level 6 in Staves
  7335 | D:8      | Reached skill level 7 in Staves
  7639 | D:8      | Noticed Erica
  7665 | D:8      | Killed Erica
  7666 | D:8      | Gained mutation: You have claws for hands. [demonic
                  | ancestry]
  7666 | D:8      | Reached XP level 10. HP: 64/73 MP: 15/15
  7897 | D:8      | Reached * piety under Kikubaaqudgha
  7897 | D:8      | Identified Kikubaaqudgha's Collected Works on Evil Secrets
                  | (Kikubaaqudgha gifted it to you on level 8 of the Dungeon)
  7897 | D:8      | Received a gift from Kikubaaqudgha
  8217 | D:9      | Found a sacrificial altar of Ru.
  8250 | D:9      | Killed from afar by a swamp worm

Illustrated notes

Levels and vault maps discovered:
D:1:      wander_arrival_fairy_ring, layout_basic
D:2:      cheibrodos_helix_gallery, layout_basic, yredelemnul_altar_generic,
          grunt_gozag_breadcrumbs, minivault_25, uniq_jessica,
          uniq_crazy_yiuf_cottage, uniq_robin, uniq_terence
D:3:      layout_loops_ring, kennysheep_generic_room_4
D:4:      kennysheep_slugbush, layout_rooms, minmay_unequal, uniq_menkaure,
          uniq_blork_the_orc
D:5:      layout_cave_pools, basic_altar, nicolae_underground_beach
D:6:      layout_basic, lemuel_round_altar, slow_altar_1, st_stairs_3,
          nicolae_qazlal_style_of_elements
D:7:      layout_layer_cave, minmay_temple_entry_butterflies,
          uniq_prince_ribbit1, uniq_pikel
D:8:      layout_basic, serial_corexii_hall, corexii_hall_statues_i,
          corexii_hall_statues_t, uniq_erica
D:9:      minmay_the_grid_3x2 [minmay_the_grid_diamond_grid,
          minmay_the_grid_doors, minmay_the_grid_plusring,
          minmay_the_grid_dragon_b, minmay_the_grid_outer_circle,
          minmay_the_grid_prize_four_corners], layout_loops_ring,
          nicolae_overflow_hidden_temple, dancing_weapons_uskayaw,
          dk_noncrumbling_2, worms_lemuel
Temple:   zaba_magenta_temple

Skill      XL: |  1  2  3  4  5  6  7  8  9 |
---------------+----------------------------+-----
Necromancy     | 5 |  5.5
Stealth        | 2 3 4 5 |  5.9
Spellcasting   | 3 |  3.5
Polearms       | 1 2 |  2.1
Dodging        | 2 3 4 |  4.7
Fighting       | 1 2 3 4 |  4.3
Staves         | 1 2 4 5 7 |  7.5
Throwing       | 1 2 3 4 |  4.4
Axes           | 3 4 |  4.0
Evocations     | |  0.2

Action                   |  1- 3 |  4- 6 |  7- 9 | 10-12 || total
-------------------------+-------+-------+-------+-------++-------
Melee: Spear             |    41 |    67 |       |       ||   108
       Quarterstaff      |       |    43 |   170 |       ||   213
       Hand axe          |       |       |    42 |       ||    42
       Halberd           |       |       |     5 |    22 ||    27
Throw: Javelin           |    12 |    10 |     1 |       ||    23
       Dart              |     9 |     2 |    39 |       ||    50
       Boomerang         |       |    16 |       |       ||    16
 Cast: Pain              |    24 |    20 |       |       ||    44
Evoke: Wand              |       |       |     2 |       ||     2
  Use: Scroll            |       |       |     2 |       ||     2
 Stab: Sleeping          |     1 |     3 |     6 |       ||    10
       Paralysed         |       |     3 |     3 |       ||     6
       Petrified         |       |       |     4 |       ||     4
       Confused          |       |       |     1 |       ||     1
       Petrifying        |       |       |     1 |       ||     1
Armor: Robe              |    16 |       |       |       ||    16
       Animal skin       |       |    28 |    69 |     4 ||   101
Dodge: Dodged            |    25 |    58 |   144 |    12 ||   239
